 Dungeon Crawl Stone Soup version 0.24-a0-375-g4de66ed42b (webtiles) character file.

Game seed: 17892536523713697451

42597 Avack the Basher (level 13, -8/119 HPs)
             Began as a Minotaur Berserker on May 31, 2019.
             Was the Champion of Trog.
             Killed from afar by an electric eel (12 damage)
             ... with a bolt of electricity
             ... on level 3 of the Lair of Beasts.
             The game lasted 00:34:31 (15713 turns).

Avack the Basher (Minotaur Berserker)              Turns: 15713, Time: 00:34:31

Health: -8/119     AC: 15    Str: 26    XL:     13   Next: 86%
Magic:  12/12      EV: 16    Int:  4    God:    Trog [******]
Gold:   1972       SH:  5    Dex: 11    Spells: 12/12 levels left

rFire    + + .     SeeInvis .   a - +3 flail (crush)
rCold    . . .     Gourm    .   (no shield)
rNeg     . . .     Faith    .   k - +1 scale mail {rF+}
rPois    .         Spirit   .   O - +2 hat
rElec    .         Reflect  +   E - scarf {cloud immunity}
rCorr    .         Harm     .   W - +2 pair of gloves {archery}
MR       .....                  (no boots)
Stlth    +.........             Z - +5 amulet of reflection
HPRegen  0.29/turn              y - ring of stealth
MPRegen  0.13/turn              C - ring of protection from fire

@: lethally poisoned (-8 -> -11), berserk cooldown, slowed, very slow
A: retaliatory headbutt, horns 2
a: Berserk, Trog's Hand, Brothers in Arms, Renounce Religion


You were on level 3 of the Lair of Beasts.
You worshipped Trog.
Trog was exalted by your worship.
You were not hungry.

You visited 2 branches of the dungeon, and saw 18 of its levels.
You also visited: Sewer, Ossuary, Gauntlet and Ice Cave.

You collected 1972 gold pieces.

Inventory:

Hand Weapons
 a - a +3 flail of crushing (weapon)
Missiles
 m - 21 silver javelins (quivered)
 q - 47 poisoned darts
 D - 3 throwing nets
 P - 10 boomerangs of dispersal
 V - 3 datura-tipped darts
Armour
 e - +0 ice dragon scales
 k - a +1 scale mail of fire resistance (worn)
 E - a scarf of cloud immunity (worn)
 O - a +2 hat (worn)
 W - a +2 pair of gloves of archery (worn)
Jewellery
 y - a ring of stealth (left hand)
 z - an uncursed ring of ice
 A - an uncursed amulet of regeneration
 C - a ring of protection from fire (right hand)
 S - an uncursed amulet of magic regeneration
 U - the ring of Sef Otos {*Tele rElec Str+4 Dex+2}
   (You found it in a Gauntlet)

   [ring of teleportation]

   It may teleport you next to monsters.
   It affects your strength (+4).
   It affects your dexterity (+2).
   It insulates you from electricity.
 X - the ring of Didot {Wiz rF+ MR- Int+7}
   (You found it in an ice cave)

   [ring of wizardry]

   It improves your spell success rate.
   It affects your intelligence (+7).
   It protects you from fire.
   It affects your resistance to hostile enchantments.
 Y - a +2 ring of intelligence
 Z - a +5 amulet of reflection (around neck)
Wands
 s - a wand of digging (5)
 x - a wand of flame (53)
 B - a wand of random effects (26)
 F - a wand of enslavement (5)
 J - a wand of paralysis (11)
 K - a wand of polymorph (7)
 M - a wand of iceblast (30)
 Q - a wand of acid (7)
Scrolls
 f - 2 scrolls of fog
 g - 11 scrolls of teleportation
 n - 3 scrolls of blinking
 o - 3 scrolls of enchant weapon
 u - 4 scrolls of remove curse
 v - a scroll of enchant armour
 T - a scroll of identify
Potions
 b - 3 potions of cancellation
 d - 6 potions of lignification
 h - 2 potions of invisibility
 i - a potion of heal wounds
 j - a potion of ambrosia
 l - 6 potions of mutation
 p - 3 potions of berserk rage
 r - 2 potions of flight
 t - 5 potions of curing
 G - 2 potions of magic
 H - 2 potions of brilliance
 I - 2 potions of haste
 L - 2 potions of might
 N - a potion of agility
Miscellaneous
 R - a sack of spiders
Comestibles
 c - 29 rations
 w - 3 chunks of flesh


   Skills:
 + Level 12.7 Fighting
 - Level 14.2 Maces & Flails
 * Level 11.2 Throwing
 + Level 12.5 Armour
 + Level 11.5 Dodging


You had 12 spell levels left.
You didn't know any spells.
Your spell library was empty.

Dungeon Overview and Level Annotations

Branches:
Dungeon (12/15)            Temple (0/1) D:7            Lair (6/6) D:9
 Shoals (0/4) Lair:2        Snake (0/4) Lair:2          Orc (0/2) D:11
  Slime: Lair:5-6

Altars:
Ashenzari
Dithmenos
Hepliaklqana
Okawaru
Qazlal
Yredelemnul

Shops:
D:12 %

Annotations:
D:5 2 runed translucent doors
D:8 3 runed translucent doors, crawlian's ghost, novice DEFE
D:12 3 runed translucent doors, emperorscorpion's ghost, journeyman DECj
Lair:2 exclusion: oklob plant
Lair:3 Sonja


Innate Abilities, Weirdness & Mutations

You reflexively headbutt those who attack you in melee.
You have a pair of horns on your head.


Message History

The electric eel shoots out a bolt of lightning at you!
The bolt of electricity hits you!
* * * LOW HITPOINT WARNING * * *
You are too berserk!
You feel a strong urge to attack something.
You are no longer berserk.
You are exhausted.
You feel as though you will be slow longer.
You feel sick.
The electric eel shoots out a bolt of lightning at you!
The bolt of electricity misses you.
The bolt of electricity hits the plant! x2
Your scale mail prevents you from hitting the electric eel.
You feel sick.
The electric eel shoots out a bolt of lightning at you!
The bolt of electricity misses you.
The bolt of electricity hits the plant! x2
Unknown command.
You hit the electric eel but do no damage.
The electric eel shoots out a bolt of lightning at you!
The bolt of electricity hits you!
You die...

..:.# #.#.♣P≈≈♣≈≈≈≈≈≈≈≈≈≈♣≈≈♣≈≈#
..#.# #...♣≈♣P≈P≈≈♣P≈≈≈≈P≈≈≈≈≈♣≈♣
.#...#..#≈≈≈≈P≈≈≈≈≈≈≈≈≈≈P≈≈P♣≈≈≈≈
..#.###.≈P≈≈≈≈≈≈≈≈≈≈≈≈≈≈≈≈≈≈≈≈≈≈≈
###.# # P≈≈≈≈♣≈≈≈≈≈≈≈≈≈≈≈≈≈≈≈≈≈P≈
# # ≈≈≈≈≈≈≈≈≈≈≈≈≈≈≈≈≈≈≈≈≈≈≈≈♣ .
♣≈≈≈P≈≈≈≈≈≈≈≈≈≈≈≈≈≈≈P≈P≈≈ .#
♣PP≈≈≈≈≈≈≈≈≈≈≈≈≈≈≈♣≈≈♣PP ##
.P♣≈PP≈≈@;≈≈≈≈≈≈≈≈P


≈P≈PP ♣≈♣≈≈≈≈≈≈≈≈≈≈≈P <≈≈♣≈≈≈≈≈≈P≈≈≈♣ #.# ♣♣≈♣♣≈♣♣≈≈♣≈ # .. ♣♣ ♣≈≈≈ #.# ### P.
^.. You could see an electric eel.

Vanquished Creatures
  A minotaur (Gauntlet)
  A hydra (shapeshifter) (Gauntlet)
  4 hydras
  An ice dragon (IceCv)
  Erica (D:8)
  2 two-headed ogres
  2 unseen horrors
  A deep elf mage (D:12)
  A manticore (D:11)
  3 elephants (Lair:3)
  3 merfolk sirens (Lair:2)
  3 black mambas
  2 ice statues (IceCv)
  Psyche (D:7)
  A gargoyle (D:10)
  11 spiny frogs
  4 rime drakes
  5 komodo dragons
  A polar bear (Lair:3)
  4 trolls (D:10)
  2 hornets
  2 merfolk
  11 blink frogs
  A wind drake (shapeshifter) (Gauntlet)
  4 hippogriffs
  3 dream sheep (Lair:6)
  Sigmund (D:6)
  4 flying skulls (Gauntlet)
  A shadow (D:12)
  5 wyverns
  2 basilisks
  2 fire bats (Gauntlet)
  35 yaks
  Grum (D:8)
  A hungry ghost (D:7)
  Menkaure (D:6)
  Edmund (D:6)
  7 nagas (Lair:2)
  6 water moccasins
  3 hell hounds (Gauntlet)
  11 porcupines
  Purgy (Sewer)
  2 orc warriors
  2 sky beasts
  6 necrophages (Lair:4)
  17 ice beasts
  3 phantoms
  3 ogres
  7 wolves
  5 centaurs
  14 crocodiles
  7 bullfrogs
  2 water moccasin zombies (Ossuary)
  A wyvern skeleton (D:12)
  2 scorpions (D:9)
  4 wights (D:12)
  2 electric eels (Lair:1)
  A howler monkey (D:4)
  A crimson imp (D:9)
  2 quasits (D:9)
  A jelly (D:7)
  7 orc priests
  7 hounds
  A bullfrog skeleton (D:5)
  An iguana (D:6)
  Jessica (D:3)
  Terence (D:3)
  7 orc wizards
  7 worker ants
  2 big kobold zombies (Ossuary)
  2 hound skeletons
  2 mummies (Ossuary)
  Robin (D:4)
  3 gnolls (D:6)
  15 adders
  4 shadow imps
  An ooze (D:5)
  An adder skeleton (D:4)
  5 adder zombies
  A worm (D:4)
  2 dart slugs
  2 leopard geckos
  43 orcs
  6 giant cockroaches
  3 gnoll zombies (Ossuary)
  8 hobgoblins
  10 jackals
  8 kobolds
  3 quokkas
  A ball python (D:1)
  10 bats
  3 frilled lizards
  12 goblins
  A hobgoblin zombie (Ossuary)
  3 kobold zombies (Ossuary)
  A leopard gecko zombie (D:5)
  4 orc zombies (Ossuary)
  2 quokka skeletons
  6 rats
  2 plants (Lair:2)
438 creatures vanquished.

Vanquished Creatures (collateral kills)
  An ice dragon (IceCv)
1 creature vanquished.

Vanquished Creatures (others)
  A hell hog (Gauntlet)
  10 fungi
  11 plants
22 creatures vanquished.

Grand Total: 461 creatures vanquished

Notes
Turn   | Place    | Note
-------+----------+-------------------------------------------
     0 | D:1      | Avack the Minotaur Berserker began the quest for the Orb.
     0 | D:1      | Reached XP level 1. HP: 19/19 MP: 0/0
    25 | D:1      | Reached skill level 4 in Maces & Flails
   102 | D:1      | Reached XP level 2. HP: 24/26 MP: 1/1
   939 | D:2      | Reached ** piety under Trog
   939 | D:2      | Reached skill level 5 in Maces & Flails
   939 | D:2      | Reached XP level 3. HP: 31/31 MP: 2/2
  1000 | D:2      | Found a faded altar of an unknown god.
  1411 | D:3      | Found a basalt altar of Yredelemnul.
  1411 | D:3      | Noticed Terence
  1422 | D:3      | Killed Terence
  1511 | D:3      | Noticed Jessica
  1512 | D:3      | Killed Jessica
  1512 | D:3      | Reached skill level 6 in Maces & Flails
  1512 | D:3      | Reached XP level 4. HP: 39/39 MP: 3/3
  1936 | D:4      | Reached XP level 5. HP: 41/45 MP: 4/4
  2011 | D:4      | Reached skill level 7 in Maces & Flails
  2081 | D:4      | Noticed Robin
  2098 | D:4      | Killed Robin
  2102 | D:4      | Reached *** piety under Trog
  2102 | D:4      | Reached skill level 8 in Maces & Flails
  2204 | D:4      | Found a hazy altar of Hepliaklqana.
  2229 | D:4      | Found a glowing drain.
  2241 | Sewer    | Entered a sewer
  2311 | Sewer    | Noticed Purgy
  2326 | Sewer    | Killed Purgy
  2326 | Sewer    | Reached XP level 6. HP: 51/51 MP: 5/5
  2669 | D:5      | Entered Level 5 of the Dungeon
  2880 | D:5      | Noticed an ice beast
  2888 | D:5      | Killed an ice beast
  2888 | D:5      | Reached skill level 9 in Maces & Flails
  2970 | D:5      | Reached XP level 7. HP: 46/57 MP: 6/6
  3023 | D:5      | Reached skill level 10 in Maces & Flails
  3029 | D:5      | Found a runed translucent door.
  3183 | D:5      | Found a runed translucent door.
  3670 | D:6      | Noticed Menkaure
  3681 | D:6      | HP: 4/85 [??? (2)]
  3682 | D:6      | Killed Menkaure
  3682 | D:6      | Reached skill level 11 in Maces & Flails
  3804 | D:6      | Found an iron altar of Okawaru.
  4000 | D:6      | HP: 1/57 [shadow imp (3)]
  4001 | D:6      | Reached XP level 8. HP: 1/64 MP: 7/7
  4364 | D:6      | Noticed Sigmund
  4365 | D:6      | Noticed Edmund
  4390 | D:6      | Killed Edmund
  4393 | D:6      | Killed Sigmund
  4393 | D:6      | Reached skill level 12 in Maces & Flails
  4941 | D:7      | Reached skill level 13 in Maces & Flails
  4998 | D:7      | Reached **** piety under Trog
  5009 | D:7      | Noticed a two-headed ogre
  5014 | D:7      | Killed a two-headed ogre
  5014 | D:7      | Reached skill level 14 in Maces & Flails
  5014 | D:7      | Reached XP level 9. HP: 70/70 MP: 8/8
  5107 | D:7      | Found a staircase to the Ecumenical Temple.
  5760 | D:8      | Noticed Psyche
  5760 | D:8      | Noticed Grum
  5909 | D:7      | Killed Psyche
  5909 | D:7      | Reached skill level 5 in Fighting
  6136 | D:8      | Killed Grum
  6136 | D:8      | Reached skill level 5 in Armour
  6195 | D:8      | Found a runed translucent gate.
  6195 | D:8      | Found a runed translucent gate.
  6195 | D:8      | Found a runed translucent gate.
  6218 | D:8      | Noticed crawlian's ghost (novice DEFE)
  6332 | D:8      | Found a shadowy altar of Dithmenos.
  6336 | D:8      | Found a shattered altar of Ashenzari.
  6392 | D:8      | Noticed Erica
  6405 | D:8      | Killed Erica
  6405 | D:8      | Reached skill level 5 in Dodging
  6405 | D:8      | Reached XP level 10. HP: 84/84 MP: 9/9
  6454 | D:8      | Found a sand-covered staircase.
  6461 | Ossuary  | Entered an ossuary
  6612 | Ossuary  | Reached ***** piety under Trog
  6967 | D:9      | Found a staircase to the Lair.
  7221 | D:9      | Noticed a two-headed ogre
  7407 | D:9      | Killed a two-headed ogre
  7407 | D:9      | Reached XP level 11. HP: 59/97 MP: 10/10
  7480 | D:9      | Paralysed by a hornet for 1 turns
  7508 | D:9      | Found a stormy altar of Qazlal.
  7573 | D:9      | Reached skill level 1 in Throwing
  7768 | D:10     | Entered Level 10 of the Dungeon
  8215 | D:10     | Killed an unseen horror
  8938 | D:11     | Killed an unseen horror
  9112 | D:11     | Reached skill level 10 in Fighting
  9135 | D:11     | Received a gift from Trog
  9140 | D:11     | Reached skill level 5 in Throwing
  9178 | D:11     | Found a staircase to the Orcish Mines.
  9483 | D:12     | Noticed a deep elf mage
  9492 | D:12     | Killed a deep elf mage
  9669 | D:12     | Found Intaluow's Food Shoppe.
  9716 | D:12     | Reached skill level 10 in Armour
  9913 | D:12     | Noticed a catoblepas
  9915 | D:12     | Noticed a vampire knight
  9917 | D:12     | Found a runed translucent gate.
  9917 | D:12     | Noticed emperorscorpion's ghost (journeyman DECj)
  9922 | D:12     | Found a runed translucent gate.
  9922 | D:12     | Found a runed translucent gate.
 10370 | Lair:1   | Entered Level 1 of the Lair of Beasts
 10463 | Lair:1   | Reached XP level 12. HP: 85/107 MP: 11/11
 10878 | Lair:1   | Noticed a five-headed hydra
 10886 | Lair:1   | Killed a five-headed hydra
 11687 | Lair:2   | Received a gift from Trog
 11704 | Lair:2   | Noticed a four-headed hydra
 11725 | Lair:2   | Killed a four-headed hydra
 11729 | Lair:2   | Reached skill level 10 in Dodging
 11925 | Lair:2   | Found a staircase to the Shoals.
 12041 | Lair:2   | Noticed a five-headed hydra
 12054 | Lair:2   | Killed a five-headed hydra
 12398 | Lair:2   | Found a staircase to the Snake Pit.
 12862 | Lair:3   | You fall into a shaft and drop 3 floors!
 12862 | Lair:6   | Entered Level 6 of the Lair of Beasts
 12962 | Lair:6   | Noticed a four-headed hydra
 12980 | Lair:6   | Killed a four-headed hydra
 13106 | Lair:6   | Reached XP level 13. HP: 110/117 MP: 12/12
 13162 | Lair:6   | Found a gate leading to a gauntlet.
 13184 | Gauntlet | Entered a Gauntlet
 13184 | Gauntlet | Found a transporter.
 13184 | Gauntlet | Found a transporter.
 13185 | Gauntlet | Found a transporter.
 13186 | Gauntlet | Found a transporter.
 13188 | Gauntlet | Found a transporter.
 13189 | Gauntlet | Found a transporter.
 13196 | Gauntlet | Found a transporter.
 13198 | Gauntlet | Found a transporter.
 13199 | Gauntlet | Found a transporter.
 13201 | Gauntlet | Found a transporter.
 13208 | Gauntlet | Found a runed translucent door.
 13209 | Gauntlet | Found a transporter.
 13210 | Gauntlet | Found a transporter.
 13385 | Gauntlet | Noticed a spark wasp
 13534 | Gauntlet | Got a shimmering golden ring
 13539 | Gauntlet | Identified the ring of Sef Otos {*Tele rElec Str+4 Dex+2}
                  | (You found it in a Gauntlet)
 13553 | Gauntlet | Reached ****** piety under Trog
 13565 | Gauntlet | Received a gift from Trog
 13606 | Gauntlet | Noticed a minotaur
 13622 | Gauntlet | Killed a minotaur
 13768 | Gauntlet | Identified the Reference Book on the Excruciating Volcanoes
 13846 | Lair:6   | Reached skill level 10 in Throwing
 14174 | Lair:4   | Found a frozen archway.
 14196 | IceCv    | Entered an ice cave
 14258 | IceCv    | Received a gift from Trog
 14548 | IceCv    | HP: 1/119 [ice dragon/blast of cold (16)]
 14570 | IceCv    | Got a steaming lead ring
 14574 | IceCv    | Identified the ring of Didot {Wiz rF+ MR- Int+7} (You found
                  | it in an ice cave)
 14744 | Lair:4   | Received a gift from Trog
 15528 | Lair:3   | Received a gift from Trog
 15692 | Lair:3   | Noticed Sonja
 15710 | Lair:3   | HP: 7/178 [electric eel/bolt of electricity (11)]
 15713 | Lair:3   | Killed from afar by an electric eel

Levels and vault maps discovered:
D:1:      minmay_arrival_arboretum_small, layout_basic, st_stairs_4
D:2:      layout_loops_ring, chequers_ecumenical_altar_simple
D:3:      layout_rooms, yredelemnul_altar_generic, moated_statue,
          kennysheep_potato, uniq_crazy_yiuf_cottage, uniq_jessica, uniq_terence
D:4:      layout_cave_pools, lemuel_doored_altar, cheibrodos_sewer_entry_drain,
          minmay_unequal, uniq_robin
D:5:      lemuel_insect_pit, layout_loops_ring, first_ration,
          roderic_st_hans_cross
D:6:      layout_loops_ring, kennysheep_okawaru_gauntlet,
          sigmund_edmund_badplayer, uniq_menkaure
D:7:      layout_basic, temple_hall
D:8:      layout_rooms, grunt_temple_overflow_open, gammafunk_ghost_spectres,
          chequers_ossuary_entry_cave, uniq_psyche, uniq_erica, uniq_grum
D:9:      layout_basic, lemuel_crystal_altar, minmay_lair_entry_grove
D:10:     layout_basic, hangedman_fish_farm
D:11:     layout_loops_ring, hiddenorc1_lemuel
D:12:     minmay_connected_triangles_in_corner, layout_irregular_city,
          serial_shops, nicolae_shop_temple_entry_statues_fountains,
          gammafunk_ghost_split
Lair:1:   minmay_lair_venomous_thicket, layout_gridlike,
          nicolae_quartered_pool_super, st_stairs_5, infiniplex_staircase_pool
Lair:2:   layout_regular_city, elwin_shoals_entry_stream,
          minmay_snake_entry_guardpost_large, wad_woods_road_06,
          grunt_forest_small_clearings, minmay_lair_oklob_chamber
Lair:3:   layout_loops_ring, serial_bayou_lake_a, uniq_sonja
Lair:4:   layout_cave_pods, portal_ice_cave_entry_pillars_2,
          roderic_carrion_pond, grunt_megastairs_1
Lair:5:   layout_roguey [special_room_bee], st_stairs_11
Lair:6:   minmay_lair_end_enchanted_forest, layout_gridlike,
          dpeg_slime_entry_corner, gauntlet_entry_generic,
          nicolae_lair_grove_arrangements, lemuel_fruit_tree

Skill      XL: |  1  2  3  4  5  6  7  8  9 10 11 12 13 |
---------------+----------------------------------------+-----
Maces & Flails | 4 5 6 8 9 11 14 | 14.2
Fighting       | 6 9 10 11 12 | 12.7
Armour         | 6 8 10 11 12 | 12.5
Dodging        | 5 7 9 10 11 | 11.5
Throwing       | 6 9 11 | 11.2

Action                   |  1- 3 |  4- 6 |  7- 9 | 10-12 | 13-15 || total
-------------------------+-------+-------+-------+-------+-------++-------
Melee: Mace              |    64 |   105 |    69 |       |       ||   238
       Headbutt          |     5 |    17 |    28 |   162 |    82 ||   294
       Flail             |       |       |    98 |   661 |   312 ||  1071
       Broad axe         |       |       |       |     7 |       ||     7
Throw: Javelin           |       |     1 |     7 |    11 |    16 ||    35
       Stone             |       |     1 |     3 |       |       ||     4
       Dart              |       |       |     8 |     5 |       ||    13
       Boomerang         |       |       |       |    66 |       ||    66
Invok: Berserk           |       |     4 |     7 |     7 |     7 ||    25
       Trog's Hand       |       |       |     2 |       |     1 ||     3
       Brothers in Arms  |       |       |       |       |     1 ||     1
  Use: Scroll            |       |    10 |     5 |    12 |     9 ||    36
       Potion            |       |       |     2 |       |     2 ||     4
  Eat: Chunk             |     2 |     6 |     9 |    23 |     9 ||    49
       Ration            |       |     1 |     2 |     2 |     2 ||     7
Armor: Animal skin       |    13 |       |       |       |       ||    13
       Ring mail         |    14 |     7 |       |       |       ||    21
       Scale mail        |       |    42 |    62 |   184 |   120 ||   408
Dodge: Dodged            |    38 |    65 |    89 |   359 |   189 ||   740
Block: Other             |       |       |       |       |    11 ||    11

Table legend:
 A = Non-vault XP
 B = Vault XP
 C = Vault XP percentage of total XP
 D = Non-vault monster count
 E = Vault monster count
 F = Vault count percentage of total count
                 A         B        C        D         E       F
            +---------+---------+-------+---------+---------+-------
      Total |   39395 |   21458 |  35.3 |     281 |     157 |  35.8
            +---------+---------+-------+---------+---------+-------
        D:1 |      22 |       6 |  21.4 |      17 |       3 |  15.0
        D:2 |      23 |       0 |   0.0 |       8 |       0 |   0.0
        D:3 |      12 |      81 |  87.1 |       6 |       5 |  45.5
        D:4 |     125 |      88 |  41.3 |      11 |      20 |  64.5
        D:5 |     542 |       0 |   0.0 |       9 |       0 |   0.0
        D:6 |     483 |     572 |  54.2 |      19 |       3 |  13.6
        D:7 |    1699 |     659 |  27.9 |      20 |       3 |  13.0
        D:8 |     421 |    1073 |  71.8 |       9 |       2 |  18.2
        D:9 |    4336 |    2101 |  32.6 |      34 |      13 |  27.7
       D:10 |    2758 |     282 |   9.3 |      26 |       1 |   3.7
       D:11 |    2650 |     254 |   8.7 |      11 |      17 |  60.7
       D:12 |    2395 |       0 |   0.0 |      19 |       0 |   0.0
     Lair:1 |    5267 |    1049 |  16.6 |      23 |      11 |  32.4
     Lair:2 |    3137 |    3801 |  54.8 |      10 |      12 |  54.5
     Lair:3 |    3524 |       0 |   0.0 |      12 |       0 |   0.0
     Lair:4 |    3753 |    1219 |  24.5 |      14 |       7 |  33.3
     Lair:5 |    3422 |       0 |   0.0 |      17 |       0 |   0.0
     Lair:6 |    4826 |       0 |   0.0 |      16 |       0 |   0.0
      Sewer |       0 |     150 | 100.0 |       0 |       6 | 100.0
    Ossuary |       0 |     286 | 100.0 |       0 |      21 | 100.0
      IceCv |       0 |    4845 | 100.0 |       0 |      20 | 100.0
   Gauntlet |       0 |    4992 | 100.0 |       0 |      13 | 100.0
            +---------+---------+-------+---------+---------+-------
